[ AOE2 MATCH · #493812226 ]
UnrankedSpanish vs Shu
Player's team · LOSS
Rival team · WIN
[ REPLAY ANALYSIS · EXTRACTED FROM THE RECORDED GAME ]
Feudal
13:03
Castle
16:34
Imperial
—
| APM avg | 50.8 |
| APM peak | 87 |
| eAPM avg | 18.4 |
| Villagers / military | 58 / 20 |
Focus
⚔️ 27.4% · 🌾 72.6%
Conquistador ×14 · Fishing Ship ×6 · Battering Ram ×4 · Galley ×1 · Transport Ship ×1 · Unknown (2626) ×1
Feudal
14:37
Castle
19:05
Imperial
28:05
| APM avg | 22.0 |
| APM peak | 42 |
| eAPM avg | 13.5 |
| Villagers / military | 64 / 10 |
Focus
⚔️ 31.4% · 🌾 68.6%
Fishing Ship ×26 · Unknown (1959) ×10 · Unknown (2626) ×4 · Monk ×3 · Galley ×2 · Mangonel ×2
Match map
Initial resources + every placement click. Lines = walls · curves = elevation contours. ◆ gold · ⬟ stone · ● berries · ✦ relic · ◌ wall gap
Your base· Open — 5t gap
be water my friend's base· Open — 2t gap
Smoothed initial terrain · ◌ = detected wall gap · hover for details
Inputs per minute
— gimme the rent - - be water my friend
Build order — gimme the rent
145 actions detected in the replay
| 0:15 | Build | Town Center |
| 0:25 | Build | House |
| 1:07 | Build | Dock |
| 2:28 | Queue | Villager (Male) |
| 2:28 | Queue | Villager (Male) |
| 2:28 | Queue | Villager (Male) |
| 2:28 | Queue | Villager (Male) |
| 2:28 | Queue | Villager (Male) |
| 3:36 | Queue | Villager (Male) |
| 3:52 | Build | House |
| 4:00 | Queue | Fishing Ship |
| 4:29 | Research | Loom |
| 4:29 | Research | Loom |
| 4:51 | Build | House |
| 5:05 | Queue | Villager (Male) |
| 5:12 | Queue | Fishing Ship |
| 5:44 | Queue | Fishing Ship |
| 5:44 | Queue | Fishing Ship |
| 5:44 | Queue | Villager (Male) |
| 6:05 | Queue | Villager (Male) |
| 6:06 | Queue | Villager (Male) |
| 6:15 | Build | House |
| 6:40 | Queue | Villager (Male) |
| 6:41 | Queue | Villager (Male) |
| 7:00 | Queue | Villager (Male) |
| 7:03 | Queue | Fishing Ship |
| 7:03 | Queue | Fishing Ship |
| 7:27 | Queue | Villager (Male) |
| 7:27 | Queue | Villager (Male) |
| 7:44 | Queue | Villager (Male) |
| 7:48 | Build | House |
| 7:50 | Queue | Villager (Male) |
| 8:14 | Queue | Villager (Male) |
| 8:36 | Queue | Villager (Male) |
| 8:54 | Build | Mill |
| 9:03 | Build | House |
| 9:38 | Queue | Villager (Male) |
| 9:38 | Queue | Villager (Male) |
| 10:16 | Queue | Villager (Male) |
| 10:42 | Build | Mining Camp |
| 10:53 | Research | Feudal Age |
| 12:36 | Queue | Villager (Male) |
| 12:37 | Queue | Villager (Male) |
| 13:03 | Age | Feudal Age |
| 13:05 | Build | Market |
| 13:07 | Build | Blacksmith |
| 13:11 | Queue | Unit 2626 |
| 13:49 | Build | Palisade Wall |
| 13:54 | Research | Castle Age |
| 14:02 | Build | Mining Camp |
| 15:21 | Build | Outpost |
| 15:21 | Research | Town Watch |
| 15:21 | Research | Town Watch |
| 15:29 | Build | Lumber Camp |
| 16:12 | Build | House |
| 16:34 | Age | Castle Age |
| 16:41 | Research | Double-Bit Axe |
| 16:41 | Research | Double-Bit Axe |
| 17:05 | Build | Castle |
| 17:17 | Queue | Villager (Male) |
| 17:17 | Queue | Villager (Male) |
| 17:25 | Research | Horse Collar |
| 17:26 | Research | Horse Collar |
| 17:27 | Build | Outpost |
| 17:41 | Research | Padded Archer Armor |
| 17:52 | Build | House |
| 17:52 | Queue | Villager (Male) |
| 17:57 | Queue | Conquistador |
| 17:57 | Queue | Conquistador |
| 18:06 | Queue | Conquistador |
| 18:26 | Queue | Galley |
| 18:28 | Queue | Transport Ship |
| 18:37 | Queue | Conquistador |
| 18:38 | Queue | Conquistador |
| 18:46 | Queue | Villager (Male) |
| 19:12 | Build | Farm |
| 19:13 | Build | Farm |
| 19:29 | Queue | Conquistador |
| 20:05 | Queue | Conquistador |
| 20:49 | Build | Town Center |
| 21:16 | Queue | Villager (Male) |
| 21:19 | Queue | Villager (Male) |
| 21:19 | Queue | Villager (Male) |
| 21:20 | Build | Farm |
| 21:20 | Build | Farm |
| 21:20 | Build | Farm |
| 21:21 | Build | Farm |
| 21:21 | Build | Farm |
| 21:46 | Build | Farm |
| 21:46 | Queue | Villager (Male) |
| 21:47 | Queue | Villager (Male) |
| 22:11 | Queue | Villager (Male) |
| 22:16 | Build | Farm |
| 22:27 | Queue | Villager (Male) |
| 22:52 | Queue | Villager (Male) |
| 22:56 | Queue | Villager (Male) |
| 22:58 | Build | Farm |
| 23:21 | Build | Castle |
| 23:23 | Research | Fletching |
| 23:34 | Queue | Villager (Male) |
| 23:58 | Queue | Conquistador |
| 23:58 | Queue | Villager (Male) |
| 23:58 | Queue | Villager (Male) |
| 24:22 | Research | Leather Archer Armor |
| 24:27 | Queue | Conquistador |
| 24:29 | Build | Farm |
| 24:30 | Build | Farm |
| 24:50 | Queue | Villager (Male) |
| 24:50 | Queue | Villager (Male) |
| 25:02 | Build | Siege Workshop |
| 25:29 | Build | Lumber Camp |
| 25:30 | Queue | Villager (Male) |
| 25:30 | Queue | Villager (Male) |
| 25:46 | Queue | Battering Ram |
| 25:46 | Queue | Battering Ram |
| 26:04 | Queue | Villager (Male) |
| 26:04 | Queue | Villager (Male) |
| 26:04 | Queue | Villager (Male) |
| 26:18 | Queue | Villager (Male) |
| 26:18 | Queue | Villager (Male) |
| 26:25 | Research | Gold Mining |
| 26:36 | Queue | Villager (Male) |
| 26:55 | Queue | Battering Ram |
| 26:58 | Queue | Villager (Male) |
| 26:59 | Queue | Villager (Male) |
| 27:15 | Build | Farm |
| 27:17 | Build | Farm |
| 27:18 | Build | Farm |
| 27:20 | Queue | Villager (Male) |
| 27:31 | Queue | Battering Ram |
| 27:47 | Queue | Villager (Male) |
| 27:48 | Queue | Villager (Male) |
| 27:58 | Build | Barracks |
| 28:12 | Queue | Conquistador |
| 28:12 | Queue | Conquistador |
| 28:22 | Research | Bodkin Arrow |
| 28:39 | Queue | Villager (Male) |
| 28:39 | Queue | Villager (Male) |
| 28:55 | Queue | Conquistador |
| 28:56 | Queue | Conquistador |
| 29:05 | Queue | Villager (Male) |
| 29:10 | Build | Town Center |
| 29:23 | Queue | Conquistador |
| 29:31 | Build | Stable |
| 30:07 | Research | Bloodlines |
Build order — be water my friend
First 150 of 181 actions detected
| 0:13 | Build | Town Center |
| 1:33 | Build | Dock |
| 2:17 | Build | House |
| 2:32 | Queue | Villager (Male) |
| 2:32 | Queue | Villager (Male) |
| 2:33 | Queue | Villager (Male) |
| 2:33 | Queue | Villager (Male) |
| 2:34 | Queue | Villager (Male) |
| 3:39 | Queue | Fishing Ship |
| 4:05 | Research | Loom |
| 4:18 | Build | House |
| 4:50 | Queue | Villager (Male) |
| 4:50 | Queue | Villager (Male) |
| 5:18 | Queue | Fishing Ship |
| 5:19 | Queue | Villager (Male) |
| 5:45 | Queue | Fishing Ship |
| 5:46 | Queue | Villager (Male) |
| 6:06 | Build | House |
| 6:12 | Queue | Villager (Male) |
| 6:38 | Queue | Fishing Ship |
| 6:43 | Queue | Villager (Male) |
| 7:06 | Queue | Villager (Male) |
| 7:13 | Build | House |
| 7:17 | Queue | Villager (Male) |
| 7:19 | Queue | Fishing Ship |
| 7:41 | Queue | Fishing Ship |
| 7:55 | Queue | Villager (Male) |
| 7:58 | Queue | Villager (Male) |
| 8:27 | Build | House |
| 8:30 | Build | Palisade Wall |
| 8:40 | Queue | Fishing Ship |
| 8:42 | Queue | Villager (Male) |
| 8:43 | Queue | Villager (Male) |
| 9:06 | Queue | Villager (Male) |
| 9:16 | Build | Dock |
| 9:20 | Queue | Fishing Ship |
| 9:31 | Build | House |
| 9:51 | Queue | Villager (Male) |
| 9:55 | Queue | Fishing Ship |
| 10:00 | Queue | Fishing Ship |
| 10:08 | Build | House |
| 10:14 | Queue | Villager (Male) |
| 10:22 | Queue | Fishing Ship |
| 10:40 | Queue | Villager (Male) |
| 10:44 | Queue | Fishing Ship |
| 10:51 | Queue | Fishing Ship |
| 11:01 | Build | House |
| 11:08 | Build | Palisade Wall |
| 11:15 | Queue | Villager (Male) |
| 11:20 | Queue | Fishing Ship |
| 11:40 | Queue | Fishing Ship |
| 11:59 | Queue | Villager (Male) |
| 12:03 | Build | Lumber Camp |
| 12:20 | Build | Mining Camp |
| 12:27 | Research | Feudal Age |
| 13:15 | Build | Mill |
| 13:24 | Queue | Villager (Male) |
| 14:26 | Queue | Villager (Male) |
| 14:31 | Build | Mining Camp |
| 14:37 | Age | Feudal Age |
| 14:42 | Build | Market |
| 14:45 | Queue | Unit 2626 |
| 14:48 | Queue | Unit 2626 |
| 15:07 | Research | Double-Bit Axe |
| 15:08 | Queue | Villager (Male) |
| 15:23 | Build | Stone Wall |
| 15:47 | Build | Lumber Camp |
| 15:51 | Build | Blacksmith |
| 15:56 | Queue | Villager (Male) |
| 15:59 | Research | Gold Mining |
| 16:06 | Queue | Unit 2626 |
| 16:19 | Build | Stone Wall |
| 16:25 | Research | Castle Age |
| 16:55 | Build | House |
| 16:56 | Build | House |
| 17:14 | Queue | Fire Galley |
| 17:17 | Queue | Unit 2626 |
| 17:21 | Research | Town Watch |
| 17:21 | Queue | Villager (Male) |
| 17:22 | Queue | Villager (Male) |
| 17:53 | Queue | Fire Galley |
| 18:00 | Queue | Villager (Male) |
| 18:22 | Build | Dock |
| 19:05 | Age | Castle Age |
| 19:11 | Build | Castle |
| 19:14 | Research | Bow Saw |
| 19:16 | Queue | Villager (Male) |
| 19:16 | Queue | Villager (Male) |
| 19:17 | Queue | Villager (Male) |
| 19:35 | Research | War Galley (upgrade) |
| 20:01 | Research | Fletching |
| 20:01 | Research | Fletching |
| 20:10 | Queue | Villager (Male) |
| 20:13 | Research | Wheelbarrow |
| 20:14 | Queue | Villager (Male) |
| 20:18 | Queue | Unit 1959 |
| 20:19 | Queue | Unit 1959 |
| 20:20 | Queue | Unit 1959 |
| 20:20 | Queue | Unit 1959 |
| 20:59 | Build | Monastery |
| 21:04 | Queue | Villager (Male) |
| 21:08 | Research | Tech 906 |
| 21:27 | Queue | Monk |
| 21:28 | Queue | Monk |
| 21:56 | Queue | Transport Ship |
| 22:04 | Build | House |
| 22:18 | Queue | Villager (Male) |
| 22:29 | Queue | Villager (Male) |
| 22:45 | Queue | Monk |
| 22:47 | Queue | Villager (Male) |
| 22:55 | Build | Town Center |
| 23:23 | Queue | Villager (Male) |
| 23:24 | Queue | Villager (Male) |
| 23:52 | Queue | Villager (Male) |
| 23:59 | Queue | Villager (Male) |
| 24:14 | Queue | Villager (Male) |
| 24:14 | Queue | Villager (Male) |
| 24:40 | Research | Imperial Age |
| 24:42 | Queue | Villager (Male) |
| 24:42 | Queue | Villager (Male) |
| 24:43 | Queue | Villager (Male) |
| 24:43 | Queue | Villager (Male) |
| 24:57 | Queue | Galley |
| 24:59 | Queue | Galley |
| 25:08 | Build | Dock |
| 25:10 | Research | Gillnets |
| 25:16 | Build | Lumber Camp |
| 25:20 | Queue | Villager (Male) |
| 25:21 | Queue | Villager (Male) |
| 25:43 | Queue | Villager (Male) |
| 26:04 | Build | Dock |
| 26:24 | Queue | Villager (Male) |
| 26:33 | Build | Town Center |
| 26:53 | Queue | Villager (Male) |
| 26:57 | Queue | Fishing Ship |
| 26:57 | Queue | Fishing Ship |
| 26:58 | Queue | Fishing Ship |
| 27:00 | Queue | Villager (Male) |
| 27:01 | Queue | Villager (Male) |
| 27:13 | Build | Siege Workshop |
| 27:17 | Queue | Unit 1959 |
| 27:18 | Queue | Unit 1959 |
| 27:20 | Research | Scale Mail Armor |
| 27:21 | Research | Scale Mail Armor |
| 27:37 | Build | Dock |
| 27:49 | Queue | Mangonel |
| 27:52 | Queue | Unit 1959 |
| 27:53 | Queue | Unit 1959 |
| 28:02 | Build | Barracks |
| 28:05 | Age | Imperial Age |
Match timeline
| 1:07 | gimme the rent · first_building Dock |
| 1:33 | be water my friend · first_building Dock |
| 8:30 | be water my friend · wall_segment Palisade Wall x1 |
| 11:08 | be water my friend · wall_segment Palisade Wall x5 |
| 13:03 | gimme the rent · age_up feudal |
| 13:49 | gimme the rent · wall_segment Palisade Wall x2 |
| 14:37 | be water my friend · age_up feudal |
| 15:23 | be water my friend · wall_segment Stone Wall x9 |
| 16:19 | be water my friend · wall_segment Stone Wall x8 |
| 16:34 | gimme the rent · age_up castle |
| 17:05 | gimme the rent · first_building Castle |
| 19:05 | be water my friend · age_up castle |
| 19:11 | be water my friend · first_building Castle |
| 19:33 | be water my friend · first_market_buy 100 wood |
| 20:59 | be water my friend · first_building Monastery |
| 23:34 | gimme the rent · first_market_buy 100 food |
| 25:02 | gimme the rent · first_building Siege Workshop |
| 26:22 | gimme the rent · first_market_sell 100 stone |
| 27:13 | be water my friend · first_building Siege Workshop |
| 27:58 | gimme the rent · first_building Barracks |
| 28:02 | be water my friend · first_building Barracks |
| 28:05 | be water my friend · age_up imperial |
| 29:31 | gimme the rent · first_building Stable |
| 30:39 | gimme the rent · resign |
[ AI ANALYSIS · 1 CREDIT ]
What really happened in this match?
Wolo.gg analyzes every decision: build order, eco, micro, common mistakes by bracket. Personalized analysis on WhatsApp or Discord in 30 seconds.
Civ guide
Spanish
Perfil
Jugador #22462688